AoeStats
← Alexspiration

Arabia

505652730Analyzed
1v1 RM · 23d ago on Sep 10, 2026· 43m 48s· 2 players
Game mode
Random Map
Map size
Tiny (2 player)
Population
200
Speed
Normal
Resources
Standard
Victory
Conquest
Starting age
Dark Age
Ending age
Imperial Age
RankedLock teamsTeams togetherTeam positionsShared explorationLock speedFull tech treeHidden civsTurbo modeCheats
Victory
Defeat
🇩🇪 Bohemians · Germany
1426
+18
🇦🇷 Vietnamese · Argentina
1475
-18
Alexspiration
5:58 Loom
6:06 Loom
9:32 Feudal Age
10:23 Double-Bit Axe
11:39 Horse Collar
19:36 Castle Age
20:59 Bow Saw
21:24 Fervor
21:36 Sanctity
22:27 Ballistics
23:10 Chemistry
22:51 Fletching
22:30 Light Cavalry
27:38 Scale Barding Armor
27:43 Forging
28:49 Forging
29:09 Town Watch
31:11 Chain Barding Armor
32:24 Iron Casting
33:09 Husbandry
37:10 Wheelbarrow
39:14 Imperial Age
36:55 Scale Mail Armor
36:17 Pikeman
36:57 Squires
37:18 Masonry
37:55 Chain Mail Armor
38:42 Wheelbarrow
38:39 Arson
39:17 Halberdier
41:03 Blast Furnace
40:36 Plate Mail Armor
40:57 Hand Cart
40:40 Cavalier
42:30 Conscription
44:21 Blast Furnace
43:25 Bodkin Arrow
| CZK | - Diego -
6:19 Loom
8:52 Feudal Age
9:22 Double-Bit Axe
9:17 Horse Collar
16:38 Wheelbarrow
19:39 Castle Age
17:59 Gold Mining
20:56 Bow Saw
20:47 Heavy Plow
21:04 Hand Cart
23:46 Bloodlines
24:33 Scale Barding Armor
25:02 Light Cavalry
29:18 Stone Mining
29:50 Husbandry
30:12 Chain Barding Armor
34:43 Imperial Age
36:42 Chemistry
35:52 Fletching
39:36 Bodkin Arrow
41:41 Crossbowman
Connection lost

Rejoining the realm…

Still unreachable

The connection could not be restored.

Session expired

The server has moved on; the page needs a fresh start.